 Dungeon Crawl Stone Soup version 0.31.0-12-g77e489cdc1 (webtiles) character file.

Game seed: 14927652374775408775

58879 hawla the Tortoise (level 14, -13/113 HPs)
             Began as a Minotaur Fighter on Feb 16, 2024.
             Was a Believer of Yredelemnul.
             Killed from afar by a shock serpent (24 damage)
             ... with a bolt of electricity
             ... on level 2 of the Snake Pit.
             The game lasted 00:42:47 (18219 turns).

hawla the Tortoise (Minotaur Fighter)              Turns: 18219, Time: 00:42:49

Health: -13/113    AC: 26    Str: 31    XL:     14   Next: 51%
Magic:  20/20      EV: 15    Int:  4    God:    Yredelemnul [**....]
Gold:   257        SH: 16    Dex:  8    Spells: 13/13 levels left

rFire   . . .        K - +2 war axe (drain)
rCold   . . .        H - +1 kite shield
rNeg    . . .        i - +1 plate armour
rPois   +            A - +1 hat {Will+}
rElec   .            l - +1 cloak
rCorr   .            F - +0 pair of gloves
SInv    .            L - +0 pair of boots
Will    ++...        y - amulet of reflection Stlth
                     G - +5 ring of evasion
HPRegen 0.38/turn    r - ring of poison resistance
MPRegen 0.17/turn

%: reflection
@: no status effects
A: horns 2, retaliatory headbutt, strong 1, no potion heal 1
a: Renounce Religion, Recall Undead Harvest, Dark Bargain


You were on level 2 of the Snake Pit.
You worshipped Yredelemnul.
Yredelemnul was aware of your devotion.
You visited 3 branches of the dungeon, and saw 17 of its levels.

You collected 1127 gold pieces.
You spent 870 gold pieces at shops.

Inventory:

Hand Weapons
 a - a +2 hand axe of flaming
 K - a +2 war axe of draining (weapon)
 Q - the +8 eveningstar of Wyrd {flame, Str+4 Dex+2}
   (You found it on level 1 of the Snake Pit)

   Str+4:     It affects your strength (+4).
   Dex+2:     It affects your dexterity (+2).
 R - the +8 hand axe of Tenacity {antimagic, rC+}
   (You found it on level 5 of the Lair of Beasts)

   rC+:       It protects you from cold.
Missiles
 g - 40 poisoned darts (quivered)
 n - a throwing net
 w - 6 atropa-tipped darts
Armour
 i - a +1 plate armour (worn)
 l - a +1 cloak (worn)
 A - a +1 hat of willpower (worn)
 F - a +0 pair of gloves (worn)
 H - a +1 kite shield (worn)
 L - a +0 pair of boots (worn)
Jewellery
 q - a ring of willpower
 r - a ring of poison resistance (right hand)
 y - an amulet of reflection (around neck)
 B - a +6 ring of dexterity
 G - a +5 ring of evasion (left hand)
 S - a +4 ring of protection
 T - an amulet of regeneration
Wands
 o - a wand of light (5)
 p - a wand of flame (29)
 v - a wand of roots (21)
 D - a wand of polymorph (5)
 N - a wand of mindburst (10)
 P - a wand of paralysis (11)
Scrolls
 c - 6 scrolls of noise
 d - a scroll of poison
 h - 7 scrolls of immolation
 j - 4 scrolls of fear
 s - 3 scrolls of vulnerability
 x - a scroll of blinking
 C - 5 scrolls of teleportation
 J - a scroll of revelation {unknown}
Potions
 b - 4 potions of curing
 e - 6 potions of lignification
 f - 5 potions of haste
 k - 3 potions of cancellation
 m - a potion of heal wounds
 t - a potion of invisibility
 u - a potion of enlightenment
 z - 4 potions of might
 I - 2 potions of magic
 M - 2 potions of resistance {unknown}
 O - a potion of brilliance {unknown}


   Skills:
 - Level 7.0 Fighting
 - Level 16.0 Axes
 + Level 1.3(10.5) Maces & Flails
 - Level 6.0 Throwing
 - Level 18.0 Armour
 - Level 7.0 Dodging
 - Level 10.0 Shields
 + Level 10.1 Invocations
 - Level 3.0 Evocations


You had 13 spell levels left.
You didn't know any spells.
Your spell library was empty.

Dungeon Overview and Level Annotations

Branches:
Dungeon (10/15)            Temple (0/1) D:7            Lair (5/5) D:10
 Shoals (0/4) Lair:3        Snake (2/4) Lair:2        Slime (0/5) Lair:5
    Orc: D:9-12

Altars:
Fedhas
Gozag
Makhleb
Qazlal
Wu Jian
Yredelemnul

Shops:
D:10 ?   Snake:1 *

Annotations:
D:5 2 transporters, M1RAB1L1S's ghost, novice DgFi


Innate Abilities, Weirdness & Mutations

You have a pair of horns on your head.
You reflexively headbutt those who attack you in melee.
Your muscles are strong. (Str +4, Int/Dex -1)
Potions are less effective at restoring your health.


Message History

The bolt of light hits the shock serpent!
The shock serpent is moderately wounded.
The shock serpent is blinded.
The shock serpent's electric aura discharges, shocking you!
The shock serpent is engulfed in a cloud of scalding steam. x2
Aiming: Throw Flame
Press: ? - help, Shift-Dir - straight line, f/p - shock serpent
Aim: a shock serpent (moderately wounded, blind, unable to see you, ally target, 53% to hit)
Okay, then.
Aiming: Throw Flame
Press: ? - help, Shift-Dir - straight line, f/p - shock serpent
Aim: a shock serpent (moderately wounded, blind, unable to see you, ally target, 53% to hit)
The puff of flame hits the shock serpent.
The shock serpent is moderately wounded.
The shock serpent shoots out a bolt of lightning at you!
The bolt of electricity hits you!!
* * * LOW HITPOINT WARNING * * *
The bolt of electricity hits your naga zombie!!
The shock serpent is engulfed in a cloud of scalding steam.
The shock serpent's electric aura discharges, shocking you!
* * * LOW HITPOINT WARNING * * *
Aiming: Throw Flame
Press: ? - help, Shift-Dir - straight line, f/p - shock serpent
Aim: a shock serpent (steam, heavily wounded, blind, unable to see you, ally target, 53% to hit)
The puff of flame hits the shock serpent.
The shock serpent is heavily wounded.
The shock serpent is engulfed in a cloud of scalding steam.
The shock serpent's electric aura discharges, shocking you!
Aiming: Throw Flame
Press: ? - help, Shift-Dir - straight line, f/p - shock serpent
Aim: a shock serpent (severely wounded, blind, unable to see you, ally target, 53% to hit)
The puff of flame hits the shock serpent.
The shock serpent is severely wounded.
The shock serpent's electric aura discharges, shocking you!
* * * LOW HITPOINT WARNING * * *
The shock serpent is engulfed in a cloud of scalding steam.
The shock serpent shoots out a bolt of lightning at you!
The bolt of electricity hits you!!
You die...
Your body rises from the dead as a mindless zombie.

#.#..~P.~~~≈~
#...P.~.~≈≈≈~..♣
#......≈≈≈≈~..~♣
#...♣..~≈≈~...P.
#...♣..~≈~~.~♣..
#...♣..~≈≈~.P~♣.
#...♣..~Z≈S~...P
#...♣♣..§§≈≈~..♣
#....♣♣@.Z≈≈~..♣
##....).Z≈≈~~.~♣
##.).♣.~~≈≈~~.~
#..$♣~..~~...~
#....♣~~...P♣P
#....♣♣.P.~~♣
##.... .~♣♣...
#........ ..#
#.....%...


You could see a shock serpent (blind, unable to see you, ally target), a
friendly black mamba zombie, a friendly naga zombie and a friendly naga
sharpshooter zombie.

Vanquished Creatures
  Mlioglotl (Snake:1)
  Gastronok (D:10)
  Erolcha (D:10)
  3 catoblepae
  An anaconda (Snake:1)
  2 hydras (Lair:5)
  A two-headed ogre (D:10)
  A boulder beetle (Lair:2)
  8 death yaks
  A deep troll shaman (Lair:5)
  A shock serpent (Snake:2)
  A naga sharpshooter (Snake:2)
  3 mana vipers
  A sea snake (Snake:2)
  A lindwurm (Lair:5)
  Maurice (D:7)
  2 elephants
  2 salamanders (Snake:1)
  11 black mambas
  3 cane toads
  A torpor snail (Lair:2)
  3 naga magi
  A rime drake (Lair:5)
  Jeremiah (D:7)
  8 komodo dragons
  A troll (D:10)
  2 polar bears (Lair:5)
  A snapping turtle (Lair:3)
  Grinder (D:5)
  A dream sheep (Lair:2)
  8 blink frogs
  Sigmund (D:2)
  3 shadows
  15 yaks
  3 wyverns
  4 steam dragons
  Menkaure (D:5)
  An acid dragon (D:9)
  6 nagas
  8 water moccasins
  Duvessa (D:7)
  3 orc warriors
  3 ogres
  4 black bears
  4 centaurs
  22 wolves
  A phantom (D:5)
  10 bullfrogs
  2 gnoll sergeants
  A kobold brigand (D:8)
  2 scorpions
  6 wights
  Dowan (D:7)
  2 killer bees (D:8)
  3 howler monkeys
  A bombardier beetle (D:6)
  An electric eel (Lair:3)
  A lava snake (Lair:2)
  2 hounds
  2 jellies
  6 orc priests
  Crazy Yiuf (D:5)
  A sleepcap (D:7)
  Ijyb (D:3)
  12 orc wizards
  7 adders
  7 gnolls
  A white imp (D:6)
  2 ufetubi (D:6)
  2 dart slugs
  2 ribbon worms (D:2)
  30 orcs
  5 ball pythons
  6 endoplasms
  3 giant cockroaches (D:1)
  4 goblins
  4 hobgoblins
  6 jackals (D:2)
  11 kobolds
  A quokka (D:3)
  7 bats
  A frilled lizard (D:2)
  4 rats
312 creatures vanquished.

Vanquished Creatures (collateral kills)
  Aizul (Snake:1)
  An anaconda (Snake:1)
  4 death yaks (Lair:5)
  2 naga warriors (Snake:1)
  3 naga sharpshooters
  2 mana vipers (Snake:1)
  2 salamanders
  2 elephants (Lair:5)
  A guardian serpent (Snake:1)
  4 naga magi (Snake:1)
  4 black mambas
  A cane toad (Lair:3)
  Maggie (D:10)
  A rime drake (Lair:5)
  3 komodo dragons
  A polar bear (Lair:2)
  7 blink frogs
  2 dream sheep (Lair:2)
  A water elemental (Lair:3)
  A yak (Lair:2)
  A basilisk (Lair:2)
  2 wyverns
  A steam dragon (D:9)
  2 nagas (Snake:1)
  6 water moccasins
  15 wolves
  3 bullfrogs
  A killer bee (D:8)
  A howler monkey (D:8)
  An electric eel (Lair:3)
  A lava snake (Lair:2)
  2 gnolls (D:9)
  2 ufetubi (D:7)
  An orc (D:10)
  A kobold (D:8)
84 creatures vanquished.

Vanquished Creatures (others)
  A mana viper zombie (Snake:1)
  A death yak zombie (Lair:5)
  A black mamba zombie (Snake:1)
  2 blink frog zombies (Lair:5)
  A wyvern zombie (Lair:4)
  A water moccasin zombie (Lair:5)
  4 wolf zombies
  3 bullfrog zombies
  A centaur zombie (D:9)
  A killer bee zombie (D:8)
  A naga zombie (Snake:1)
  An acid dragon zombie (D:9)
  An orc (D:3)
  A gnoll zombie (D:9)
  A kobold zombie (D:8)
  6 orc zombies
27 creatures vanquished.

Grand Total: 423 creatures vanquished

Notes
Turn   | Place    | Note
-------+----------+-------------------------------------------
     0 | D:1      | hawla the Minotaur Fighter began the quest for the Orb.
     0 | D:1      | Reached XP level 1. HP: 19/19 MP: 0/0
   207 | D:1      | Reached XP level 2. HP: 23/27 MP: 1/1
   946 | D:2      | Reached XP level 3. HP: 33/33 MP: 2/2
   965 | D:2      | Reached skill level 5 in Shields
   998 | D:2      | Reached skill level 1 in Dodging
  1000 | D:2      | Noticed Sigmund
  1157 | D:2      | Killed Sigmund
  1158 | D:2      | Reached XP level 4. HP: 12/40 MP: 3/3
  1158 | D:2      | Reached XP level 5. HP: 14/46 MP: 4/4
  1307 | D:2      | Found a faded altar of an unknown god.
  1385 | D:2      | Reached skill level 5 in Dodging
  1411 | D:2      | Reached XP level 6. HP: 21/52 MP: 5/5
  1959 | D:3      | Noticed Ijyb
  1976 | D:3      | Killed Ijyb
  2240 | D:3      | Found an ornate altar of the Wu Jian Council.
  2476 | D:4      | Reached skill level 1 in Evocations
  3238 | D:5      | Entered Level 5 of the Dungeon
  3238 | D:5      | Noticed Menkaure
  3242 | D:5      | Killed Menkaure
  3243 | D:5      | Reached XP level 7. HP: 58/59 MP: 6/6
  3382 | D:5      | Found a transporter.
  3386 | D:5      | Noticed M1RAB1L1S's ghost (novice DgFi)
  3431 | D:5      | Found a transporter.
  3574 | D:5      | Noticed Grinder
  3591 | D:5      | Killed Grinder
  3773 | D:5      | Reached skill level 5 in Throwing
  3881 | D:5      | Reached XP level 8. HP: 60/66 MP: 7/7
  3918 | D:5      | Found a runed translucent door.
  3919 | D:5      | Noticed Crazy Yiuf
  4267 | D:5      | Killed Crazy Yiuf
  4561 | D:6      | Reached skill level 5 in Axes
  5175 | D:6      | Reached XP level 9. HP: 58/71 MP: 6/8
  5327 | D:6      | Found a stormy altar of Qazlal.
  5327 | D:6      | Found a basalt altar of Yredelemnul.
  5435 | D:6      | Became a worshipper of Yredelemnul the Dark
  5670 | D:7      | Found a burning altar of Makhleb.
  5673 | D:7      | Reached * piety under Yredelemnul
  5707 | D:7      | Noticed Maurice
  5721 | D:7      | Killed Maurice
  5722 | D:7      | Reached skill level 10 in Axes
  5726 | D:7      | Noticed Jeremiah
  5748 | D:7      | Killed Jeremiah
  6231 | D:7      | Noticed Duvessa
  6233 | D:7      | Noticed Dowan
  6237 | D:7      | Killed Duvessa
  6239 | D:7      | Killed Dowan
  6240 | D:7      | Found a staircase to the Ecumenical Temple.
  6538 | D:7      | Reached ** piety under Yredelemnul
  7013 | D:8      | Reached *** piety under Yredelemnul
  7014 | D:8      | Reached XP level 10. HP: 64/78 MP: 9/9
  7369 | D:8      | Reached **** piety under Yredelemnul
  7515 | D:8      | Reached ***** piety under Yredelemnul
  8086 | D:9      | Found an opulent altar of Gozag.
  8675 | D:9      | Reached skill level 15 in Axes
  9156 | D:10     | Entered Level 10 of the Dungeon
  9258 | D:10     | Noticed Gastronok
  9272 | D:10     | Killed Gastronok
  9444 | D:10     | Reached XP level 11. HP: 84/84 MP: 10/10
  9680 | D:10     | Noticed a two-headed ogre
  9689 | D:10     | Killed a two-headed ogre
  9694 | D:10     | Noticed Maggie
  9694 | D:10     | Noticed a death yak
  9695 | D:10     | Found a staircase to the Lair.
  9711 | D:10     | Killed Maggie
  9713 | D:10     | Killed a death yak
  9930 | D:10     | Found Piff's Magic Scroll Shop.
  9938 | D:10     | Bought a scroll of identify for 32 gold pieces
  9938 | D:10     | Bought a scroll of blinking for 120 gold pieces
  9938 | D:10     | Bought a scroll of enchant armour for 120 gold pieces
  9938 | D:10     | Bought a scroll of teleportation for 48 gold pieces
  9940 | D:10     | Noticed Erolcha
  9945 | D:10     | Killed Erolcha
  9946 | D:10     | Reached skill level 10 in Shields
  9946 | D:10     | Reached skill level 1 in Invocations
 10352 | Lair:1   | Entered Level 1 of the Lair of Beasts
 10587 | Lair:1   | Reached skill level 5 in Invocations
 11193 | Lair:2   | Reached ****** piety under Yredelemnul
 11197 | Lair:2   | Reached XP level 12. HP: 91/91 MP: 15/17
 11572 | Lair:2   | Noticed a catoblepas
 11585 | Lair:2   | Killed a catoblepas
 11741 | Lair:2   | Found a staircase to the Snake Pit.
 11888 | Lair:2   | Reached skill level 10 in Invocations
 11965 | Lair:2   | Reached skill level 4 in Armour
 12042 | Lair:2   | Noticed a boulder beetle
 12061 | Lair:2   | Killed a boulder beetle
 12062 | Lair:2   | Reached skill level 5 in Armour
 12232 | Lair:3   | Reached skill level 6 in Armour
 12437 | Lair:3   | Reached skill level 7 in Armour
 12564 | Lair:3   | Reached skill level 8 in Armour
 12673 | Lair:3   | Noticed a death yak
 12673 | Lair:3   | Noticed a death yak
 12673 | Lair:3   | Noticed a death yak
 12688 | Lair:3   | Killed a death yak
 12690 | Lair:3   | Killed a death yak
 12691 | Lair:3   | Reached skill level 9 in Armour
 12691 | Lair:3   | Killed a death yak
 12837 | Lair:3   | Found a staircase to the Shoals.
 12915 | Lair:3   | Reached skill level 10 in Armour
 12967 | Lair:3   | Found a blossoming altar of Fedhas.
 13583 | Lair:4   | Reached skill level 11 in Armour
 13730 | Lair:4   | Reached XP level 13. HP: 96/96 MP: 19/19
 14228 | Lair:5   | Entered Level 5 of the Lair of Beasts
 14285 | Lair:5   | Found a staircase to the Slime Pits.
 14292 | Lair:5   | Reached skill level 12 in Armour
 14508 | Lair:5   | Reached skill level 13 in Armour
 14538 | Lair:5   | Reached skill level 14 in Armour
 14979 | Lair:5   | Identified the +8 hand axe of Tenacity {antimagic, rC+}
 15049 | Lair:5   | Reached skill level 15 in Armour
 15929 | Snake:1  | Entered Level 1 of the Snake Pit
 15937 | Snake:1  | Gained mutation: You sometimes lose your temper in combat.
                  | [potion of mutation]
 15937 | Snake:1  | Gained mutation: You have a somewhat thin skeletal
                  | structure. (Dex +2, Stealth+) [potion of mutation]
 15938 | Snake:1  | Lost mutation: You have a somewhat thin skeletal structure.
                  | (Dex +2, Stealth+) [potion of mutation]
 15938 | Snake:1  | Lost mutation: You sometimes lose your temper in combat.
                  | [potion of mutation]
 15938 | Snake:1  | Gained mutation: Your body sometimes deteriorates upon
                  | taking damage. [potion of mutation]
 15938 | Snake:1  | Gained mutation: You sometimes lose your temper in combat.
                  | [potion of mutation]
 15938 | Snake:1  | Gained mutation: Your system is resistant to poisons.
                  | (rPois) [potion of mutation]
 15939 | Snake:1  | Lost mutation: You sometimes lose your temper in combat.
                  | [potion of mutation]
 15939 | Snake:1  | Lost mutation: Your system is resistant to poisons. (rPois)
                  | [potion of mutation]
 15939 | Snake:1  | Lost mutation: Your body sometimes deteriorates upon taking
                  | damage. [potion of mutation]
 15939 | Snake:1  | Gained mutation: Potions are less effective at restoring
                  | your health. [potion of mutation]
 15939 | Snake:1  | Gained mutation: You are partially covered in large bone
                  | plates. (SH +4) [potion of mutation]
 15939 | Snake:1  | Gained mutation: You are partially covered in iridescent
                  | scales. (AC +2) [potion of mutation]
 16036 | Snake:1  | Reached skill level 16 in Armour
 16207 | Snake:1  | Reached XP level 14. HP: 20/104 MP: 20/20
 16459 | Snake:1  | Reached skill level 17 in Armour
 16678 | Snake:1  | Found Vaowo's Assorted Antiques.
 16718 | Snake:1  | Bought a scroll of blinking for 202 gold pieces
 16718 | Snake:1  | Bought a metallic green potion for 24 gold pieces
 16839 | Snake:1  | Identified the +8 eveningstar of Wyrd {flame, Str+4 Dex+2}
 17067 | Snake:1  | Noticed Mlioglotl
 17083 | Snake:1  | Killed Mlioglotl
 17084 | Snake:1  | Reached skill level 18 in Armour
 17304 | Snake:1  | Identified the serpent talisman of Polytheism {Int+2 Dex+2}
 17304 | Snake:1  | Noticed Aizul
 17316 | Snake:1  | Killed Aizul
 17616 | Snake:1  | Reached skill level 5 in Fighting
 17844 | Snake:1  | Bought a tiny bronze amulet for 135 gold pieces
 17844 | Snake:1  | Bought a runed hat for 189 gold pieces
 17949 | Snake:2  | HP: 2/110 [shock serpent/bolt of electricity (20)]
 18046 | Snake:2  | Lost mutation: You are partially covered in large bone
                  | plates. (SH +4) [potion of mutation]
 18046 | Snake:2  | Lost mutation: You are partially covered in iridescent
                  | scales. (AC +2) [potion of mutation]
 18046 | Snake:2  | Gained mutation: Your muscles are strong. (Str +4, Int/Dex
                  | -1) [potion of mutation]
 18169 | Snake:2  | Reached skill level 1 in Maces & Flails
 18219 | Snake:2  | Killed from afar by a shock serpent

Illustrated notes

Levels and vault maps discovered:
D:1:      minmay_arrival_doors, layout_basic
D:2:      layout_rooms, ebering_ecumenical_altar_mist, minmay_hexomino_f4,
          uniq_sigmund
D:3:      layout_rooms, pdpol_wu_jian_five_deadly_venoms, uniq_ijyb
D:4:      layout_basic
D:5:      layout_cave_pods, gammafunk_ghost_stat_death, serial_glass,
          glass_columns_a, glass_columns_b, glass_columns_a, glass_columns_a,
          glass_columns_a, glass_columns_a, glass_columns_a, glass_columns_a,
          item_on_display_a, uniq_menkaure, uniq_grinder,
          uniq_crazy_yiuf_cottage
D:6:      layout_basic, gammafunk_temple_overflow_wave, sigmund_army
D:7:      layout_layer_cave, makhleb_heckhound_becter,
          minmay_temple_entry_glass, minmay_misc_feat_chi, uniq_maurice,
          uniq_jeremiah, uniq_duvessa
D:8:      layout_basic, grunt_ministairs_8
D:9:      layout_stronghold, kennysheep_mini_moat
D:10:     layout_gridville, david_lair_generic, serial_shops, shop,
          uniq_erolcha, uniq_gastronok, uniq_maggie
Lair:1:   layout_gridlike, serial_bayou_crossing
Lair:2:   layout_regular_city, nicolae_snake_entry_warm_welcome,
          grunt_megastairs_5, infiniplex_staircase_pool
Lair:3:   layout_regular_city, minmay_shoals_entry_hut, basic_altar,
          serial_bayou_shore_a
Lair:4:   layout_loops_ring, columned_hall_lemuel
Lair:5:   grunt_lair_end_beastmaster, layout_cave_pods, slime_entry_1,
          chequers_serial_rivers_room_a, infiniplex_staircase_pool_2,
          grunt_megastairs_4
Snake:1:  layout_cave_shapes, serial_shops, shop, st_stairs_14, uniq_aizul,
          uniq_mlioglotl
Snake:2:  layout_honeycomb, serial_shops, shop, nicolae_snake_snake_lake,
          minmay_shop_star

Skill      XL: |  1  2  3  4  5  6  7  8  9 10 11 12 13 14 |
---------------+-------------------------------------------+-----
Fighting       | 4 7 |  7.0
Shields        | 4 5 6 10 | 10.0
Dodging        | 4 5 6 7 |  7.0
Evocations     | 3 |  3.0
Throwing       | 2 5 6 |  6.0
Axes           | 8 12 16 | 16.0
Invocations    | 8 10 | 10.1
Armour         | 11 16 18 | 18.0
Maces & Flails | 1 |  1.3

Action                     |  1- 3 |  4- 6 |  7- 9 | 10-12 | 13-15 || total
---------------------------+-------+-------+-------+-------+-------++-------
  Melee: War axe           |    62 |   106 |   249 |   472 |   248 ||  1137
         Headbutt          |    10 |    12 |    40 |    75 |    66 ||   203
         Hand axe          |       |       |       |       |    19 ||    19
         Eveningstar       |       |       |       |       |    72 ||    72
 Invoke: Recall Undead Har |       |       |       |     2 |     1 ||     3
         Dark Bargain      |       |       |       |       |     1 ||     1
  Evoke: Wand              |       |     2 |     5 |     9 |     7 ||    23
    Use: Scroll            |     2 |     5 |     6 |    10 |     9 ||    32
         Potion            |     1 |     1 |     1 |       |     9 ||    12
   Stab: Distracted        |       |       |     2 |    10 |     5 ||    17
         Invisible         |       |       |     1 |     6 |     2 ||     9
 Armour: Scale mail        |    37 |       |       |       |       ||    37
         Plate armour      |    39 |   131 |   234 |   208 |   209 ||   821
  Dodge: Dodged            |    23 |    49 |    80 |   133 |   125 ||   410
  Block: Buckler           |    17 |    28 |    85 |    46 |       ||   176
         Reflection        |       |       |     1 |    10 |    19 ||    30
         Kite shield       |       |       |       |   237 |   317 ||   554
